Map: 킹스 코브 - 래더

Players

herO - Winner!

  • Race: Protoss Protoss
  • Spawn Location: 5:00

Stephano

  • Race: Zerg Zerg
  • Spawn Location: 11:00

Event: IEM Season 13: Katowice (2019)

VOD

Have the link to the VOD?

Description

Time

  • Played on: Feb. 25, 2019, 12:23 p.m.
  • Length: 6:55

All games in this series

Show
View Real Time Build Order
Export as new Build Order

herO Protoss - Winner!

Build Orders: 1 Gate Expand, Zealot Archon 

Get SALT Encoding   

  12  0:00  Probe  
  13  0:12  Probe  
  14  0:18  Pylon  
  14  0:23  Probe  
  15  0:32  Probe  
  15  0:40  Probe  
  15  0:42  Gateway  
  16  0:49  Assimilator  
  17  0:51  Probe  
  18  1:03  Probe  
  19  1:15  Probe  
  20  1:28  Nexus  
  20  1:38  Cybernetics Core  
  20  1:42  Probe  
  21  1:50  Assimilator  
  22  1:54  Probe  
  22  1:58  Pylon  
  22  2:06  Adept, Probe  
  23  2:18  Probe  
  23  2:21  Robotics Facility  
  26  2:30  Probe  
  26  2:35  Warp Gate  
  26  2:36  Stalker  
  29  2:37  Probe  
  29  2:38  Probe  
  31  2:45  Probe  
  31  2:46  Probe  
  33  2:55  Probe  
  33  2:57  Probe  
  34  3:03  Immortal  
  35  3:07  Probe  
  35  3:09  Probe  
  37  3:17  Pylon  
  37  3:19  Probe  
  42  3:21  Probe  
  43  3:28  Gateway  
  43  3:31  Probe  
  43  3:33  Probe, Warp Prism  
  45  3:36  Twilight Council  
  47  3:48  Charge  
  47  3:56  Gateway  
  47  3:57  Gateway  
  47  3:58  Pylon  
  47  4:08  Probe  
  47  4:09  Gateway, Observer  
  49  4:11  Gateway  
  49  4:24  Gateway  
  49  4:25  Adept x2  
  49  4:30  Gateway  
  53  4:38  Pylon  
  53  4:41  Dark Shrine  
  53  4:46  Zealot x2  
  57  4:53  Zealot  
  57  4:54  Zealot  
  57  4:56  Pylon  
  61  5:15  Pylon  
  61  5:16  Pylon  
  61  5:17  Zealot x5  
  71  5:29  Zealot x3  
  71  5:32  Pylon  
  77  5:49  Zealot  
  77  5:51  Zealot x3  
  77  5:52  Zealot x3  
  77  5:56  Dark Templar  
  87  6:01  Dark Templar x2  
  83  6:13  Dark Templar x2  
  83  6:14  Zealot  
  83  6:17  Zealot  
  89  6:19  Archon  
  89  6:37  Zealot x6  
  89  6:54  Zealot x2  
Show
View Real Time Build Order
Export as new Build Order

Stephano Zerg 

Build Orders: Hatch First 

Get SALT Encoding   

  12  0:01  Drone  
  13  0:07  Drone  
  14  0:18  Overlord  
  14  0:41  Hatchery  
  13  0:45  Drone  
  13  0:48  Drone  
  15  0:52  Drone  
  15  0:56  Drone  
  17  1:08  Drone  
  17  1:11  Extractor  
  17  1:20  Spawning Pool  
  17  1:21  Drone  
  17  1:29  Drone  
  18  1:41  Drone  
  19  1:49  Drone  
  19  1:53  Drone  
  21  2:00  Drone  
  22  2:06  Queen x2  
  26  2:09  Zergling x2  
  27  2:15  Overlord  
  27  2:17  Drone  
  28  2:36  Drone  
  29  2:38  Hatchery  
  29  2:40  Drone  
  29  2:42  Queen  
  31  2:48  Drone x2  
  33  2:52  Overlord  
  33  2:58  Metabolic Boost  
  33  3:01  Drone  
  33  3:04  Drone  
  35  3:12  Overlord  
  35  3:14  Drone x3  
  35  3:16  Drone  
  39  3:21  Queen  
  39  3:24  Drone  
  42  3:28  Spore Crawler  
  42  3:29  Drone  
  42  3:31  Drone  
  42  3:33  Drone  
  44  3:35  Drone  
  44  3:39  Overlord  
  45  3:43  Drone x2  
  45  3:44  Drone  
  48  3:49  Spore Crawler  
  48  3:51  Drone x2  
  48  3:54  Drone  
  50  3:56  Overlord  
  50  4:02  Drone x2  
  52  4:07  Overlord  
  52  4:10  Roach Warren  
  52  4:13  Zergling x2, Spore Crawler  
  52  4:14  Zergling x2  
  52  4:20  Zergling x6  
  55  4:24  Zergling x6  
  55  4:29  Queen  
  60  4:34  Drone  
  60  4:35  Drone x4  
  60  4:36  Drone  
  65  4:38  Extractor  
  65  4:41  Extractor  
  65  4:43  Drone  
  64  4:45  Drone  
  64  4:49  Drone x4  
  64  4:52  Drone  
  70  4:55  Drone  
  70  4:59  Drone  
  72  5:00  Lair  
  72  5:03  Extractor  
  72  5:06  Drone x3  
  73  5:13  Overlord x2  
  73  5:17  Roach x4  
  73  5:20  Extractor  
  80  5:25  Overlord  
  82  5:28  Roach, Overlord  
  82  5:31  Spine Crawler  
  82  5:32  Roach  
  83  5:36  Roach x2  
  83  5:42  Roach  
  95  5:43  Roach x3  
  86  5:51  Roach x6  
  86  5:56  Roach x2  
  94  5:57  Queen  
  86  6:05  Roach x2  
  84  6:13  Roach  
  84  6:19  Zergling x2  
  77  6:25  Overseer  
  77  6:29  Zergling x4  

Tags
 
Add a new tag
Caveats
  • Supply blocks, unpowered buildings, or Contaminate may cause inaccurate times.
  • Supply counts are checked every 10 seconds.